 Dungeon Crawl Stone Soup version 0.27.0-1-g7a089689b8 (webtiles) character file.

Game seed: 1699616055576181062

3584 Sobieck the Destroyer (level 10, -10/47 (50) HPs)
             Began as a Tengu Conjurer on Aug 1, 2021.
             Was a Follower of Vehumet.
             Splashed by Harold's acid (17 damage)
             ... on level 7 of the Dungeon.
             The game lasted 00:21:03 (8272 turns).

Sobieck the Destroyer (Tengu Conjurer)              Turns: 8272, Time: 00:21:04

HP:   -10/47 (50)   AC: 12    Str:  7    XL:     10   Next: 10%
MP:   4/23          EV: 13    Int: 22    God:    Vehumet [*.....]
Gold: 332           SH:  0    Dex: 13    Spells: 14/25 levels left

rFire    . . .     SeeInvis +   B - +2 whip (elec) {mace}
rCold    . . .     Faith    .   (no shield)
rNeg     . . .     Spirit   .   t - +0 troll leather armour {Purgy}
rPois    .         Reflect  .   q - +2 hat {SInv}
rElec    .         Harm     .   y - +0 cloak
rCorr    .         Rampage  .   c - +0 pair of gloves
Will     .....                  (boots unavailable)
Stlth    ++........             (no amulet)
HPRegen  1.15/turn              A - +4 ring of protection
MPRegen  0.18/turn              (no ring)

@: marked, flying quickly and evasively, very slightly contaminated, drained,
quick
A: beak, talons 3, nimble flight
a: Renounce Religion


You were on level 7 of the Dungeon.
You worshipped Vehumet.
Vehumet was aware of your devotion.
You visited 1 branch of the dungeon, and saw 7 of its levels.

You collected 332 gold pieces.


Innate Abilities, Weirdness & Mutations

You have a beak for a mouth.
You have claws for feet.
Your magical nature lets you fly swiftly and evasively.


   Skills:
 - Level 2.1 Dodging
 - Level 2.0 Stealth
 - Level 8.0 Spellcasting
 + Level 12.3 Conjurations
 - Level 5.0 Hexes
 - Level 2.0 Translocations


You had 14 spell levels left.
You knew the following spells:

 Your Spells              Type           Power      Damage    Failure   Level
a - Magic Dart            Conj           100%       1d8       1%          1
b - Searing Ray           Conj           100%       3d7       1%          2
c - Fulminant Prism       Conj/Hex       23%        3d13      3%          4
d - Iskenderun's Mystic   Conj/Tloc      40%        2d9       6%          4

Your spell library contained the following spells:

 Spells                   Type           Power      Damage    Failure   Level
 Freeze                   Ice            32%        1d5       11%         1
 Dazzling Flash           Conj/Hex       92%        N/A       1%          3
 Slow                     Hex            30%        N/A       2%          2
 Confusing Touch          Hex            30%        N/A       4%          3
 Vampiric Draining        Necr           4%         2d6       32%         3

Inventory:

Hand Weapons
 B - a +2 whip of electrocution (weapon) {mace}
   (You took it off Pikel on level 5 of the Dungeon)
Missiles
 f - 102 arrows
 g - 22 sling bullets
 j - 204 stones {throwing}
 l - 51 bolts
 s - 21 poisoned darts {throwing}
 E - 2 silver boomerangs {throwing}
 F - 11 boomerangs {throwing}
 G - a throwing net {=f!fthrowing}
Armour
 c - a +0 pair of gloves (worn)
   (You found it on level 1 of the Dungeon)
 q - a +2 hat of see invisible (worn)
   (You found it on level 4 of the Dungeon)
 t - a +0 troll leather armour (worn) {Purgy}
   (You found it on level 3 of the Dungeon)
 y - a +0 cloak (worn)
   (You took it off Crazy Yiuf on level 4 of the Dungeon)
Jewellery
 A - a +4 ring of protection (left hand)
   (You found it on level 5 of the Dungeon)
Wands
 z - a wand of polymorph (11)
   (You took it off Crazy Yiuf on level 4 of the Dungeon)
Scrolls
 a - a scroll of immolation {!r!r}
 b - a scroll of fear {unknown}
 d - 2 scrolls of vulnerability {!r!r}
 m - a scroll of fog
 r - 3 scrolls of enchant weapon {unknown}
 v - 2 scrolls of teleportation {@r4}
 D - 2 scrolls of magic mapping {unknown}
Potions
 e - a potion of ambrosia {unknown}
 h - 2 potions of curing {@q1}
 n - a potion of attraction {unknown}
 o - 3 potions of might {unknown}
 p - 3 potions of mutation {unknown}
 u - a potion of heal wounds {unknown}
 x - 2 potions of flight {unknown}

Dungeon Overview and Level Annotations

Branches:
Dungeon (7/15)             Temple (0/1) D:7

Altars:
Gozag
Hepliaklqana
Qazlal
Ru
Vehumet
Wu Jian
Xom

Shops:
D:7 [

Annotations:
D:7 Harold

........###
..........#
.....<#...#
.....####.#
..........#
..#....#.######
.......##...#.##
.#.###.......(.######
.............#..@@.*#
.[..###........####.#
.....##.......## .#
...........#### @.
..[.......[.######
..#
........##..#...[.
..#
......#.....#.∩.>.
..#
......#.....#.....
.##
#...........######


You could see Harold (ally target) and a friendly fulminant prism.


Message History

Menkaure, Prince of Dust comes into view.
Danger!
Casting: Magic Dart (safe; 1% risk of failure)
Confirm with . or Enter, or press ? or * to list all spells.
Aiming: Fulminant Prism (dangerous; 3% risk of failure)
Press: ? - help, Dir - move target You conjure a prism of explosive energy!
A fulminant prism comes into view.
Menkaure gestures wildly while chanting.
Menkaure seems to speed up.
Unknown command.
Your fulminant prism crackles loudly.
The blast of energy engulfs Menkaure!!
You destroy Menkaure!
Vehumet accepts your kill.
Casting: Fulminant Prism (dangerous; 3% risk of failure)
Confirm with . or Enter, or press ? or * to list all spells.
Okay, then.
Unknown command.
Things that are here:
a +0 whip {mace}; a +0 ring mail Unknown command.
Found Bumeiragg's Antique Armour Shoppe.
Unknown command.
Found a stone staircase leading down.
You see here a +0 robe.
Harold the Weathered comes into view.
He is wielding a +1 long sword of draining and carrying a wand of acid (12).
Harold shouts!
Danger!
Casting: Fulminant Prism (dangerous; 3% risk of failure)
Confirm with . or Enter, or press ? or * to list all spells.
Aiming: Fulminant Prism (dangerous; 3% risk of failure)
Press: ? - help, Dir - move target You conjure a prism of explosive energy!
A fulminant prism comes into view.
Danger!
Harold throws a throwing net.
The throwing net hits you.
You become entangled in the net!
You see here a throwing net {=f!fthrowing}.
You struggle against the net.
You struggle against the net.
Harold fires a harpoon shot at you. The harpoon shot hits you.
You are yanked forward by the harpoon shot.
Harold fires a harpoon shot at you. The harpoon shot hits you.
You are yanked forward by the harpoon shot.
Unknown command.
Casting: Fulminant Prism (dangerous; 3% risk of failure)
Confirm with . or Enter, or press ? or * to list all spells.
You miscast Iskenderun's Mystic Blast.
You are very lightly contaminated with residual magic.
Nothing appears to happen.
Harold zaps a wand.
The bolt of acid misses you.
Casting: Iskenderun's Mystic Blast (dangerous; 6% risk of failure)
Confirm with . or Enter, or press ? or * to list all spells.
Aiming: Fulminant Prism (dangerous; 3% risk of failure)
Press: ? - help, Dir - move target You conjure a prism of explosive energy!
A fulminant prism comes into view.
Harold says happily, "The price on your head will fill my nest egg nicely!"
Harold gestures at you while chanting. A sentinel's mark forms upon you.
Casting: Fulminant Prism (dangerous; 3% risk of failure)
Confirm with . or Enter, or press ? or * to list all spells.
You don't know that spell.
Casting: Fulminant Prism (dangerous; 3% risk of failure)
Confirm with . or Enter, or press ? or * to list all spells.
Aiming: Searing Ray (safe; 1% risk of failure)
Press: ? - help, Shift-Dir - straight line The searing ray hits Harold. (Press . to maintain the ray.) Harold zaps a wand.
The bolt of acid misses you.
Your fulminant prism crackles loudly.
The searing ray hits Harold!!
Harold hits you with a +1 long sword of draining!!
You feel drained.
The blast of energy engulfs Harold!!
Casting: Searing Ray (safe; 1% risk of failure)
Confirm with . or Enter, or press ? or * to list all spells.
Aiming: Fulminant Prism (dangerous; 3% risk of failure)
Press: ? - help, Dir - move target You conjure a prism of explosive energy!
A fulminant prism comes into view.
Harold says, "Let's make it quick, okay?
I've got mouths to feed."
Harold misses you.
Unknown command.
Casting: Fulminant Prism (dangerous; 3% risk of failure)
Confirm with . or Enter, or press ? or * to list all spells.
Aiming: Searing Ray (safe; 1% risk of failure)
Press: ? - help, Shift-Dir - straight line The searing ray hits Harold! (Press . to maintain the ray.) Harold zaps a wand.
The bolt of acid hits you!!
* * * LOW HITPOINT WARNING * * *
You are splashed with acid!
You die...

Skill      XL: |  1  2  3  4  5  6  7  8  9 10 |
---------------+-------------------------------+-----
Spellcasting   | 3 4 5 6 7 8 |  8.0
Conjurations   | 6 7 8 9 11 12 | 12.3
Hexes          | 1 2 3 4 5 |  5.0
Translocations | 2 |  2.0
Dodging        | |  2.1
Stealth        | |  2.0

Action                   |  1- 3 |  4- 6 |  7- 9 | 10-12 || total
-------------------------+-------+-------+-------+-------++-------
Melee: Dagger            |     8 |     2 |     3 |       ||    13
       Kick              |     2 |       |     1 |       ||     3
       Peck              |       |       |     2 |       ||     2
       Whip              |       |       |     2 |       ||     2
 Cast: Magic Dart        |    49 |    71 |   121 |     2 ||   243
       Searing Ray       |     4 |    10 |    35 |     2 ||    51
       Fulminant Prism   |       |       |    21 |     8 ||    29
  Use: Scroll            |       |       |     9 |       ||     9
 Stab: Sleeping          |       |     1 |       |       ||     1
Armor: Robe              |     6 |       |       |       ||     6
       Troll leather arm |       |       |    16 |       ||    16
Dodge: Dodged            |    12 |     4 |    20 |     7 ||    43

Levels and vault maps discovered:
D:1:      minmay_arrival_nine_rooms, layout_basic, minivault_14
D:2:      layout_loops_ring, kennysheep_nondescript, uniq_jessica
D:3:      layout_rooms, kennysheep_small_spiral, skrybe_limestone_x,
          minmay_misc_feat_hallway, uniq_sigmund, uniq_purgy, uniq_terence
D:4:      kennysheep_six_static_rooms, layout_rooms, grunt_temple_overflow_open,
          uniq_crazy_yiuf_cottage
D:5:      layout_cave_pools, minmay_stone_trees_small, grunt_decor_arrowhead,
          kennysheep_generic_room_4, uniq_pikel
D:6:      minmay_angry_zag, layout_loops_ring, minmay_fractal_squares_5
D:7:      layout_cave_pools, minmay_temple_entry_drinking_statues, serial_shops,
          nicolae_lakefront_shop, nicolae_take_the_stairs, uniq_harold,
          uniq_menkaure, uniq_duvessa

Notes
Turn   | Place    | Note
-------+----------+-------------------------------------------
     0 | D:1      | Sobieck the Tengu Conjurer began the quest for the Orb.
     0 | D:1      | Reached XP level 1. HP: 10/10 MP: 4/4
   539 | D:1      | Reached XP level 2. HP: 15/15 MP: 6/6
  1150 | D:2      | Noticed Jessica
  1161 | D:1      | Reached skill level 3 in Spellcasting
  1176 | D:1      | Learned a level 2 spell: Searing Ray
  1330 | D:2      | Reached XP level 3. HP: 19/19 MP: 6/8
  1474 | D:2      | Reached skill level 6 in Conjurations
  1692 | D:2      | Killed Jessica
  1693 | D:2      | Reached XP level 4. HP: 24/24 MP: 1/9
  1698 | D:2      | Learned a level 4 spell: Fulminant Prism
  2184 | D:2      | Reached skill level 7 in Conjurations
  2753 | D:3      | Reached skill level 1 in Hexes
  2874 | D:3      | Gained mutation: Your magical nature lets you fly swiftly
                  | and evasively. [Tengu growth]
  2874 | D:3      | Reached XP level 5. HP: 28/28 MP: 6/10
  2977 | D:3      | Noticed Terence
  2986 | D:3      | Killed Terence
  3034 | D:3      | Reached skill level 2 in Hexes
  3113 | D:3      | Noticed Sigmund
  3121 | D:3      | Killed Sigmund
  3122 | D:3      | Reached skill level 8 in Conjurations
  3122 | D:3      | Reached XP level 6. HP: 26/32 MP: 2/12
  3475 | D:3      | Noticed Purgy
  3499 | D:3      | Killed Purgy
  3500 | D:3      | Reached skill level 4 in Spellcasting
  3710 | D:4      | Reached XP level 7. HP: 36/36 MP: 11/14
  3873 | D:4      | Reached skill level 3 in Hexes
  4179 | D:4      | Reached skill level 9 in Conjurations
  4374 | D:4      | Found an ornate altar of the Wu Jian Council.
  4375 | D:4      | Found a shimmering altar of Xom.
  4377 | D:4      | Found a hazy altar of Hepliaklqana.
  4378 | D:4      | Found a radiant altar of Vehumet.
  4379 | D:4      | Found a sacrificial altar of Ru.
  4379 | D:4      | Found an opulent altar of Gozag.
  4380 | D:4      | Found a stormy altar of Qazlal.
  4386 | D:4      | Became a worshipper of Vehumet
  4461 | D:4      | Found a runed translucent door.
  4462 | D:4      | Noticed Crazy Yiuf
  4704 | D:4      | Reached skill level 5 in Spellcasting
  4704 | D:4      | Reached XP level 8. HP: 41/41 MP: 11/16
  4867 | D:4      | Killed Crazy Yiuf
  4935 | D:5      | Entered Level 5 of the Dungeon
  5084 | D:5      | Reached skill level 10 in Conjurations
  5438 | D:5      | Reached * piety under Vehumet
  5438 | D:5      | Offered knowledge of Freeze by Vehumet.
  5439 | D:5      | Reached skill level 4 in Hexes
  5622 | D:5      | Noticed Pikel
  5837 | D:5      | Killed Pikel
  5838 | D:5      | Reached skill level 6 in Spellcasting
  5838 | D:5      | Reached skill level 11 in Conjurations
  5838 | D:5      | Reached XP level 9. HP: 45/45 MP: 2/19
  6409 | D:6      | Reached skill level 7 in Spellcasting
  6796 | D:6      | Reached skill level 5 in Hexes
  6827 | D:6      | Learned a level 4 spell: Iskenderun's Mystic Blast
  6844 | D:6      | Reached skill level 1 in Translocations
  7519 | D:7      | Noticed Duvessa
  7525 | D:7      | Killed Duvessa
  7527 | D:7      | Noticed Dowan
  7532 | D:7      | Killed Dowan
  7533 | D:7      | Reached skill level 2 in Translocations
  7605 | D:7      | Found a staircase to the Ecumenical Temple.
  7700 | D:7      | Reached skill level 12 in Conjurations
  7833 | D:7      | Reached XP level 10. HP: 50/50 MP: 16/22
  7971 | D:7      | You pick up a book of Debilitation and begin reading...
  7971 | D:7      | You add the spells Slow, Vampiric Draining and Confusing
                  | Touch to your library.
  8003 | D:7      | Reached skill level 8 in Spellcasting
  8115 | D:7      | Noticed Menkaure
  8119 | D:7      | Killed Menkaure
  8242 | D:7      | Found Bumeiragg's Antique Armour Shoppe.
  8256 | D:7      | Noticed Harold
  8272 | D:7      | HP: 7/47 [Harold/bolt of acid (21)]
  8272 | D:7      | Splashed by Harold's acid

Vanquished Creatures
  Pikel (D:5)
  Sigmund (D:3)
  A shadow (D:7)
  A steam dragon (D:6)
  Menkaure (D:7)
  Duvessa (D:7)
  Purgy (D:3)
  An orc warrior (D:7)
  An ice beast (D:6)
  A hornet zombie (D:6)
  A sky beast (D:5)
  5 ogres
  A lemure (D:5)
  A phantom (D:4)
  A kobold brigand (D:6)
  A scorpion (D:6)
  Dowan (D:7)
  A wyvern skeleton (D:5)
  A water moccasin skeleton (D:5)
  2 centaur zombies
  2 jellies
  A bullfrog zombie (D:5)
  4 hounds
  2 orc priests
  Crazy Yiuf (D:4)
  Jessica (D:2)
  A bullfrog skeleton (D:4)
  An iguana (D:6)
  Terence (D:3)
  6 orc wizards
  2 hound zombies (D:5)
  A hound skeleton (D:4)
  A howler monkey skeleton (D:7)
  14 adders
  An ufetubus (D:5)
  3 worms
  5 dart slugs (D:2)
  19 orcs
  9 endoplasms
  4 giant cockroaches
  8 goblins
  5 hobgoblins
  15 jackals
  2 quokkas
  5 ball pythons
  5 bats
  3 frilled lizards
  8 kobolds
  4 rats
159 creatures vanquished.

Vanquished Creatures (others)
  28 fulminant prisms
28 creatures vanquished.

Grand Total: 187 creatures vanquished

Table legend:
 A = Non-vault XP
 B = Vault XP
 C = Vault XP percentage of total XP
 D = Non-vault monster count
 E = Vault monster count
 F = Vault count percentage of total count
                 A         B        C        D         E       F
            +---------+---------+-------+---------+---------+-------
      Total |    2604 |    2517 |  49.2 |     130 |      28 |  17.7
            +---------+---------+-------+---------+---------+-------
        D:1 |      26 |       0 |   0.0 |      16 |       0 |   0.0
        D:2 |      81 |      37 |  31.4 |      26 |       1 |   3.7
        D:3 |      69 |     394 |  85.1 |      25 |       3 |  10.7
        D:4 |     606 |      55 |   8.3 |      23 |       7 |  23.3
        D:5 |     548 |     748 |  57.7 |      15 |       3 |  16.7
        D:6 |     375 |     884 |  70.2 |      12 |      11 |  47.8
        D:7 |     899 |     399 |  30.7 |      13 |       3 |  18.8
            +---------+---------+-------+---------+---------+-------

Illustrated notes

Table legend:
 A = Kills in this place as a percentage of kills in entire the game.
 B = Kills by you in this place as a percentage of kills by you in the entire game.
 C = Kills by friends in this place as a percentage of kills by friends in the entire game.
 D = Other kills in this place as a percentage of other kills in the entire game.
 E = Experience gained in this place as a percentage of experience gained in the entire game.
 F = Experience gained in this place divided by the number of levels of this place that you have seen.
                   A       B       C       D       E      F
               +-------+-------+-------+-------+-------+----------------------
         Total | 100.0 | 100.0 |   N/A |   N/A | 100.0 | 731.6
       Dungeon | 100.0 | 100.0 |   N/A |   N/A | 100.0 | 731.6
               +-------+-------+-------+-------+-------+----------------------

Table legend: (Time is in decaauts)
 A = Elapsed time spent in this place.
 B = Non-inter-level travel time spent in this place.
 C = Inter-level travel time spent in this place.
 D = Time resting spent in this place.
 E = Time spent auto-exploring this place.
 F = Levels seen in this place.
 G = Mean time per level.
                   A        B        C        D        E       F      G
               +--------+--------+--------+--------+--------+-----+--------+
         Total |   7998 |   7816 |    182 |   1601 |   5027 |   7 | 1142.6 |
       Dungeon |   7998 |   7816 |    182 |   1601 |   5027 |   7 | 1142.6 |
               +--------+--------+--------+--------+--------+-----+--------+

Top non-repeatable levels by time:
     D:2: 1301 daAuts
     D:1: 1257 daAuts
     D:3: 1232 daAuts
     D:6: 1199 daAuts
     D:4: 1141 daAuts
     D:5: 1034 daAuts
     D:7: 832 daAuts
